| TOP OF THE 1ST |
|
Baltimore Orioles batting - Pitching for Boston Red Sox : RHP Justin Whitesack
|
|
Pitching: RHP Justin Whitesack
|
|
|
Batting: SHB Aldo Questi
|
0-0: Foul Ball, location: 2F 0-1: Called Strike 0-2: Foul Ball, location: 2F 0-2: Foul Ball, location: 2F 0-2: Ball 1-2: Foul Ball, location: 2F 1-2: Ball 2-2: Ground out U3 (Groundball, 3S, EV 92.5 MPH)
|
|
Batting: RHB Marc Peckermark
|
0-0: Fly out, F9 (Flyball, 9LM, EV 80.6 MPH)
|
|
Batting: RHB Rudo Garciaparra
|
0-0: Foul Ball, location: 2F 0-1: Ball 1-1: Foul Ball, location: 2F 1-2: Ball 2-2: Ground out 6-3 (Groundball, 6S, EV 70.0 MPH)
|
| Top of the 1st over - 0 runs, 0 hits, 0 errors, 0 left on base; Baltimore 0 - Boston 0 |
| BOTTOM OF THE 1ST |
|
Boston Red Sox batting - Pitching for Baltimore Orioles : RHP Paul Schwartz
|
|
Pitching: RHP Paul Schwartz
|
|
|
Batting: RHB Pedro Nin
|
0-0: SINGLE (Line Drive, 4D, EV 106.9 MPH)
|
|
Batting: LHB Brian Gray
|
0-0: Ball 1-0: Ball 2-0: Hit by Pitch Pedro Nin to second
|
|
Batting: RHB Cesar Breceda
|
0-0: Ball 1-0: Called Strike 1-1: 3-RUN HOME RUN (Flyball, 78XD, EV 107.5 MPH), Distance : 427 ft
|
|
Batting: LHB Kevin McCormic Jr.
|
0-0: Called Strike 0-1: Foul Ball, location: 2F 0-2: Foul Ball, location: 2F 0-2: Strikes out swinging, 2-3 out at first.
|
|
Batting: SHB Robbie Rogers
|
0-0: Ball 1-0: Swinging Strike 1-1: Foul Ball, location: 2F 1-2: Foul Ball, location: 2F 1-2: Ball 2-2: Strikes out swinging
|
|
Batting: SHB Ben Ervin
|
0-0: Called Strike 0-1: Foul Ball, location: 2F 0-2: Strikes out swinging
|
| Bottom of the 1st over - 3 runs, 2 hits, 0 errors, 0 left on base; Baltimore 0 - Boston 3 |
| TOP OF THE 2ND |
|
Baltimore Orioles batting - Pitching for Boston Red Sox : RHP Justin Whitesack
|
|
Batting: LHB Gabe Pace
|
0-0: Ball 1-0: Ball 2-0: Foul Ball, location: 2F 2-1: Foul Ball, location: 2F 2-2: Ground out 4-3 (Groundball, 34, EV 90.6 MPH)
|
|
Batting: SHB Jason Hayes
|
0-0: Swinging Strike 0-1: Ground out U3 (Groundball, 3, EV 92.5 MPH)
|
|
Batting: RHB Blake Ballard
|
0-0: Called Strike 0-1: Ball 1-1: Foul Ball, location: 2F 1-2: Ball 2-2: Ball 3-2: DOUBLE (Line Drive, 9LM, EV 108.1 MPH)
|
|
Batting: RHB Muneer Maudad
|
0-0: Ball 1-0: Ball 2-0: Called Strike 2-1: SINGLE (Groundball, 56D, EV 103.8 MPH) Blake Ballard to third Runner from 3rd tries for Home, SAFE, throw by LF to home Muneer Maudad to second
|
|
Batting: RHB Jesse Basich
|
0-0: Ball 1-0: Ball 2-0: Fly out, F7 (Flyball, 7D, EV 96.9 MPH)
|
| Top of the 2nd over - 1 run, 2 hits, 0 errors, 1 left on base; Baltimore 1 - Boston 3 |
| BOTTOM OF THE 2ND |
|
Boston Red Sox batting - Pitching for Baltimore Orioles : RHP Paul Schwartz
|
|
Batting: RHB Adriaan Boessenkool
|
0-0: Swinging Strike 0-1: Ball 1-1: SINGLE (Line Drive, 7S, EV 92.5 MPH)
|
|
Batting: LHB Shoichi Aso
|
0-0: Ball Adriaan Boessenkool steals 2nd base 1-0: Foul Ball, location: 2F 1-1: SINGLE (Groundball, 34D, EV 82.5 MPH) (infield hit) Adriaan Boessenkool to third
|
|
Batting: SHB Willie Koviak
|
0-0: Foul Ball, location: 2F 0-1: Called Strike Shoichi Aso steals 2nd base 0-2: Ball 1-2: Fly out, F9 (Flyball, 9S, EV 84.4 MPH)
|
|
Batting: RHB Pedro Nin
|
0-0: Ball 1-0: Foul Ball, location: 2F 1-1: Called Strike 1-2: SINGLE (Line Drive, 56D, EV 96.2 MPH) Adriaan Boessenkool scores Shoichi Aso to third Runner from 3rd tries for Home, SAFE, throw by LF to home
|
|
Batting: LHB Brian Gray
|
0-0: Foul Ball, location: 2F 0-1: SINGLE (Line Drive, 78S, EV 110.0 MPH) Pedro Nin to second
|
|
Pitching: RHP Jay Rapini
|
|
|
Batting: RHB Cesar Breceda
|
0-0: Called Strike 0-1: Grounds into double play, 4-6-3 (Groundball, 4, EV 106.2 MPH)
|
| Bottom of the 2nd over - 2 runs, 4 hits, 0 errors, 1 left on base; Baltimore 1 - Boston 5 |
| TOP OF THE 3RD |
|
Baltimore Orioles batting - Pitching for Boston Red Sox : RHP Justin Whitesack
|
|
Batting: RHB Kory Sanchez
|
0-0: Ball 1-0: Called Strike 1-1: DOUBLE (Line Drive, 78D, EV 105.0 MPH)
|
|
Batting: SHB Aldo Questi
|
0-0: Swinging Strike 0-1: Called Strike 0-2: Ball Wild Pitch! Kory Sanchez to third 1-2: Ball 2-2: Foul Ball, location: 2F 2-2: Ball 3-2: Foul Ball, location: 2F 3-2: Fly out, F7 (Flyball, 7, EV 87.5 MPH) Runner from 3rd tags up, SCORES, throw by LF
|
|
Batting: RHB Marc Peckermark
|
0-0: Ball 1-0: Called Strike 1-1: Ball 2-1: SINGLE (Line Drive, 9S, EV 100.6 MPH)
|
|
Batting: RHB Rudo Garciaparra
|
0-0: Called Strike 0-1: Ball 1-1: Fly out, F2 (Popup, 25F, EV 90.6 MPH)
|
|
Batting: LHB Gabe Pace
|
0-0: Called Strike 0-1: Foul Ball, location: 2F 0-2: Ball 1-2: Ball 2-2: Foul Ball, location: 2F 2-2: Ball 3-2: Strikes out swinging
|
| Top of the 3rd over - 1 run, 2 hits, 0 errors, 1 left on base; Baltimore 2 - Boston 5 |
| BOTTOM OF THE 3RD |
|
Boston Red Sox batting - Pitching for Baltimore Orioles : RHP Jay Rapini
|
|
Batting: LHB Kevin McCormic Jr.
|
0-0: Ball 1-0: Called Strike 1-1: Called Strike 1-2: Foul Ball, location: 2F 1-2: DOUBLE (Groundball, 5L, EV 93.8 MPH)
|
|
Batting: SHB Robbie Rogers
|
0-0: Ball 1-0: Ground out 3-1 (Groundball, 34, EV 80.0 MPH) Kevin McCormic Jr. to third
|
|
Batting: SHB Ben Ervin
|
0-0: Ball 1-0: Called Strike 1-1: Ball 2-1: Foul Ball, location: 2F 2-2: Ball 3-2: Strikes out looking
|
|
Batting: RHB Adriaan Boessenkool
|
0-0: Ball 1-0: Ball 2-0: Foul Ball, location: 2F 2-1: Ball 3-1: Foul Ball, location: 2F 3-2: Foul Ball, location: 2F 3-2: Fly out, F7 (Flyball, 78M, EV 91.9 MPH)
|
| Bottom of the 3rd over - 0 runs, 1 hit, 0 errors, 1 left on base; Baltimore 2 - Boston 5 |
| TOP OF THE 4TH |
|
Baltimore Orioles batting - Pitching for Boston Red Sox : RHP Justin Whitesack
|
|
Batting: SHB Jason Hayes
|
0-0: Called Strike 0-1: SINGLE (Groundball, 4D, EV 105.0 MPH)
|
|
Batting: RHB Blake Ballard
|
0-0: Ball 1-0: Ball 2-0: Called Strike 2-1: Grounds into double play, 4-6-3 (Groundball, 4S, EV 90.6 MPH)
|
|
Batting: RHB Muneer Maudad
|
0-0: Ball 1-0: Foul Ball, location: 2F 1-1: Swinging Strike 1-2: Ball 2-2: Foul Ball, location: 2F 2-2: Foul Ball, location: 2F 2-2: Ball 3-2: Foul Ball, location: 2F 3-2: Base on Balls
|
|
Batting: RHB Jesse Basich
|
0-0: Ball 1-0: Ball 2-0: Ball 3-0: Called Strike 3-1: Base on Balls Muneer Maudad to second
|
|
Batting: RHB Kory Sanchez
|
0-0: Called Strike 0-1: Called Strike 0-2: Strikes out swinging
|
| Top of the 4th over - 0 runs, 1 hit, 0 errors, 2 left on base; Baltimore 2 - Boston 5 |
| BOTTOM OF THE 4TH |
|
Boston Red Sox batting - Pitching for Baltimore Orioles : RHP Jay Rapini
|
|
Batting: LHB Shoichi Aso
|
0-0: Ball 1-0: Called Strike 1-1: Ball 2-1: Swinging Strike 2-2: Strikes out looking
|
|
Batting: SHB Willie Koviak
|
0-0: Swinging Strike 0-1: Called Strike 0-2: Fly out, F8 (Flyball, 8RD, EV 90.6 MPH)
|
|
Batting: RHB Pedro Nin
|
0-0: Called Strike 0-1: Ball 1-1: Ground out 6-3 (Groundball, 6, EV 106.9 MPH)
|
| Bottom of the 4th over - 0 runs, 0 hits, 0 errors, 0 left on base; Baltimore 2 - Boston 5 |
| TOP OF THE 5TH |
|
Baltimore Orioles batting - Pitching for Boston Red Sox : RHP Justin Whitesack
|
|
Batting: SHB Aldo Questi
|
0-0: Foul Ball, location: 2F 0-1: Ball 1-1: Swinging Strike 1-2: Fly out, F5 (Line Drive, 5, EV 67.5 MPH)
|
|
Batting: RHB Marc Peckermark
|
0-0: Called Strike 0-1: Ball 1-1: Ball 2-1: Foul Ball, location: 2F 2-2: Ball 3-2: Foul Ball, location: 2F 3-2: Foul Ball, location: 2F 3-2: Foul Ball, location: 2F 3-2: Foul Ball, location: 2F 3-2: Fly out, F9 (Flyball, 9S, EV 91.2 MPH)
|
|
Batting: RHB Rudo Garciaparra
|
0-0: Ball 1-0: Called Strike 1-1: Ball 2-1: Ball 3-1: Base on Balls
|
|
Batting: LHB Gabe Pace
|
0-0: Ball 1-0: Ground out 4-3 (Groundball, 34D, EV 98.1 MPH)
|
| Top of the 5th over - 0 runs, 0 hits, 0 errors, 1 left on base; Baltimore 2 - Boston 5 |
| BOTTOM OF THE 5TH |
|
Boston Red Sox batting - Pitching for Baltimore Orioles : RHP Jay Rapini
|
|
Batting: LHB Brian Gray
|
0-0: Ball 1-0: Called Strike 1-1: Swinging Strike 1-2: Foul Ball, location: 2F 1-2: Fly out, F7 (Flyball, 78M, EV 91.9 MPH)
|
|
Batting: RHB Cesar Breceda
|
0-0: Foul Ball, location: 2F 0-1: Swinging Strike 0-2: Foul Ball, location: 2F 0-2: Foul Ball, location: 2F 0-2: Foul Ball, location: 2F 0-2: Foul Ball, location: 2F 0-2: Ball 1-2: Ball 2-2: Ground out 5-3 (Groundball, 56S, EV 68.8 MPH)
|
|
Batting: LHB Kevin McCormic Jr.
|
0-0: Called Strike 0-1: Ball 1-1: Ground out 3-1 (Groundball, 34, EV 96.2 MPH)
|
| Bottom of the 5th over - 0 runs, 0 hits, 0 errors, 0 left on base; Baltimore 2 - Boston 5 |
| TOP OF THE 6TH |
|
Baltimore Orioles batting - Pitching for Boston Red Sox : RHP Justin Whitesack
|
|
Pitching: RHP Fred Huber
|
|
|
Batting: SHB Jason Hayes
|
0-0: Swinging Strike 0-1: Foul Ball, location: 2F 0-2: Strikes out swinging
|
|
Batting: RHB Blake Ballard
|
0-0: Ball 1-0: SINGLE (Groundball, 34D, EV 107.5 MPH)
|
|
Batting: RHB Muneer Maudad
|
0-0: Called Strike 0-1: Ball 1-1: Foul Ball, location: 2F 1-2: Ball 2-2: Strikes out looking
|
|
Batting: RHB Jesse Basich
|
0-0: Ball Blake Ballard is caught stealing 2nd base 2-4
|
| Top of the 6th over - 0 runs, 1 hit, 0 errors, 0 left on base; Baltimore 2 - Boston 5 |
| BOTTOM OF THE 6TH |
|
Boston Red Sox batting - Pitching for Baltimore Orioles : RHP Jay Rapini
|
|
Batting: SHB Robbie Rogers
|
0-0: Called Strike 0-1: Ball 1-1: Foul Ball, location: 2F 1-2: Ball 2-2: Strikes out looking
|
|
Batting: SHB Ben Ervin
|
0-0: Called Strike 0-1: Ball 1-1: Ball 2-1: Ground out 4-3 (Groundball, 4, EV 105.6 MPH)
|
|
Batting: RHB Adriaan Boessenkool
|
0-0: Ball 1-0: Ball 2-0: Called Strike 2-1: Fly out, F8 (Flyball, 8LM, EV 93.1 MPH)
|
| Bottom of the 6th over - 0 runs, 0 hits, 0 errors, 0 left on base; Baltimore 2 - Boston 5 |
| TOP OF THE 7TH |
|
Baltimore Orioles batting - Pitching for Boston Red Sox : RHP Fred Huber
|
|
Pitching: LHP Zack McGovern
|
|
|
Batting: RHB Jesse Basich
|
0-0: Ball 1-0: Foul Ball, location: 2F 1-1: Fly out, F8 (Flyball, 8LD, EV 100.0 MPH)
|
|
Batting: RHB Kory Sanchez
|
0-0: Ball 1-0: Fly out, F4 (Popup, 34S, EV 84.4 MPH)
|
|
Batting: SHB Aldo Questi
|
0-0: Ball 1-0: Called Strike 1-1: Foul Ball, location: 2F 1-2: Ground out 4-3 (Groundball, 4, EV 85.0 MPH)
|
| Top of the 7th over - 0 runs, 0 hits, 0 errors, 0 left on base; Baltimore 2 - Boston 5 |
| BOTTOM OF THE 7TH |
|
Boston Red Sox batting - Pitching for Baltimore Orioles : RHP Jay Rapini
|
|
Pitching: RHP Terry Huffmaster
|
|
|
Batting: LHB Shoichi Aso
|
0-0: Ball 1-0: Ball 2-0: Ball 3-0: Base on Balls
|
|
Batting: SHB Willie Koviak
|
0-0: Fly out, F8 (Flyball, 8LD, EV 79.4 MPH)
|
|
Batting: RHB Pedro Nin
|
0-0: Ball Shoichi Aso steals 2nd base 1-0: Ball 2-0: SINGLE (Groundball, 34D, EV 104.4 MPH) (infield hit) Shoichi Aso to third
|
|
Batting: LHB Brian Gray
|
0-0: Called Strike 0-1: Ball 1-1: Foul Ball, location: 2F 1-2: Foul Ball, location: 2F 1-2: Ball 2-2: Ball 3-2: Foul Ball, location: 2F 3-2: Ground out 5-3 (Groundball, 5, EV 80.6 MPH) Pedro Nin to second
|
|
Batting: RHB Cesar Breceda
|
0-0: Foul Ball, location: 2F 0-1: Called Strike 0-2: Ball 1-2: Foul Ball, location: 2F 1-2: Foul Ball, location: 2F 1-2: Strikes out swinging
|
| Bottom of the 7th over - 0 runs, 1 hit, 0 errors, 2 left on base; Baltimore 2 - Boston 5 |
| TOP OF THE 8TH |
|
Baltimore Orioles batting - Pitching for Boston Red Sox : LHP Zack McGovern
|
|
Pitching: RHP J.J. Thompson
|
|
|
Batting: RHB Marc Peckermark
|
0-0: Called Strike 0-1: Fly out, F8 (Flyball, 8RM, EV 88.8 MPH)
|
|
Batting: RHB Rudo Garciaparra
|
0-0: Swinging Strike 0-1: Called Strike 0-2: Ball 1-2: Strikes out looking
|
|
Batting: LHB Gabe Pace
|
0-0: Ball 1-0: Called Strike 1-1: Ball 2-1: Swinging Strike 2-2: SINGLE (Line Drive, 6MD, EV 103.8 MPH)
|
|
Batting: SHB Jason Hayes
|
0-0: Ball 1-0: DOUBLE (Flyball, 89XD, EV 109.4 MPH) Gabe Pace to third Runner from 3rd tries for Home, SAFE, no throw by RF
|
|
Batting: RHB Blake Ballard
|
0-0: Ball 1-0: Ball 2-0: Foul Ball, location: 2F 2-1: Ball 3-1: Base on Balls
|
|
Pitching: RHP John Jordan
|
|
|
Batting: RHB Muneer Maudad
|
0-0: Ball 1-0: Called Strike 1-1: Foul Ball, location: 2F 1-2: Strikes out swinging
|
| Top of the 8th over - 1 run, 2 hits, 0 errors, 2 left on base; Baltimore 3 - Boston 5 |
| BOTTOM OF THE 8TH |
|
Boston Red Sox batting - Pitching for Baltimore Orioles : RHP Terry Huffmaster
|
|
Batting: LHB Kevin McCormic Jr.
|
0-0: Ball 1-0: Called Strike 1-1: Fly out, F9 (Flyball, 9, EV 86.9 MPH)
|
|
Batting: SHB Robbie Rogers
|
0-0: Swinging Strike 0-1: Ground out 5-3 (Groundball, 56, EV 91.2 MPH)
|
|
Batting: SHB Ben Ervin
|
0-0: Ball 1-0: Called Strike 1-1: Swinging Strike 1-2: Ball 2-2: Foul Ball, location: 2F 2-2: Ball 3-2: Foul Ball, location: 2F 3-2: Base on Balls
|
|
Batting: RHB Adriaan Boessenkool
|
0-0: Ball 1-0: Called Strike 1-1: Swinging Strike 1-2: Fielders Choice at 2nd, 6-4 (Groundball, 6, EV 106.9 MPH)
|
| Bottom of the 8th over - 0 runs, 0 hits, 0 errors, 1 left on base; Baltimore 3 - Boston 5 |
| TOP OF THE 9TH |
|
Baltimore Orioles batting - Pitching for Boston Red Sox : RHP John Jordan
|
|
Pitching: RHP Guadalupe Vasguez
|
|
|
Now at 1B: Won-jun Park
|
|
|
Now at 3B: Willie Koviak
|
|
|
Now at SS: Alois Wollf
|
|
|
Now in LF: Joe Smack
|
|
|
Now in RF: Adriaan Boessenkool
|
|
|
Batting: RHB Jesse Basich
|
0-0: Ball 1-0: Ball 2-0: Ground out 4-3 (Groundball, 4S, EV 70.0 MPH)
|
|
Pinch Hitting: SHB Robert Handy
|
0-0: Swinging Strike 0-1: Foul Ball, location: 2F 0-2: Ball 1-2: Strikes out swinging
|
|
Batting: SHB Aldo Questi
|
0-0: Swinging Strike 0-1: Ball 1-1: Ball 2-1: SINGLE (Groundball, 34D, EV 105.0 MPH)
|
|
Batting: RHB Marc Peckermark
|
0-0: Called Strike 0-1: Swinging Strike 0-2: Strikes out swinging
|
| Top of the 9th over - 0 runs, 1 hit, 0 errors, 1 left on base; Baltimore 3 - Boston 5 |
|